AoeStats
← Gothic_Brother

MegaRandom

505917628Analyzed
1v1 RM · 22d ago on Sep 11, 2026· 32m 38s· 2 players
Game mode
Random Map
Map size
Tiny (2 player)
Population
200
Speed
Normal
Resources
Standard
Victory
Conquest
Starting age
Dark Age
Ending age
Imperial Age
RankedLock teamsTeams togetherTeam positionsShared explorationLock speedFull tech treeHidden civsTurbo modeCheats
Victory
Defeat
🇷🇺 Lithuanians · Russia
1191
+14
🇵🇱 Chinese · Poland
1151
-14
Gothic_Brother
10:10 Feudal Age
11:01 Loom
15:24 Castle Age
22:28 Forging
25:13 Scale Barding Armor
OjcuAlbina
0:25 Loom
9:10 Feudal Age
10:13 Double-Bit Axe
17:49 Fletching
22:37 Castle Age
21:32 Gold Mining
21:30 Town Watch
23:17 Wheelbarrow
22:52 Crossbowman
24:18 Padded Archer Armor
26:25 Bodkin Arrow
27:03 Leather Archer Armor
26:36 Horse Collar
32:52 Scale Mail Armor
Connection lost

Rejoining the realm…

Still unreachable

The connection could not be restored.

Session expired

The server has moved on; the page needs a fresh start.